 Dungeon Crawl Stone Soup version 0.31-a0-115-g4708a659fe (webtiles) character file.

Game seed: 17911411491914059067

1834 tilp the Vexing (level 8, 0/62 HPs)
             Began as a Vampire Enchanter on May 30, 2023.
             Was a Believer of Wu Jian.
             Succumbed to Duvessa's poison
             ... on level 6 of the Dungeon.
             The game lasted 00:12:52 (6015 turns).

tilp the Vexing (Vampire Enchanter)                 Turns: 6015, Time: 00:12:52

Health: 0/62       AC:  6    Str:  7    XL:     8   Next: 87%
Magic:  9/15       EV: 12    Int: 20    God:    Wu Jian [**....]
Gold:   374        SH:  0    Dex: 14    Spells: 6/17 levels left

rFire   . . .        a - +2 dagger
rCold   . . .        (no shield)
rNeg    . . .        q - +3 leather armour
rPois   .            (no helmet)
rElec   .            (no cloak)
rCorr   .            (no gloves)
SInv    +            (no boots)
Will    .....        (no amulet)
Stlth   ++           (no ring)
HPRegen 0.50/turn    (no ring)
MPRegen 0.14/turn

%: no passive effects
@: lethally poisoned (0 -> -31), confusing by touch, healing quickly, invisible
A: alive, fangs 3, see invisible, vampiric 2
a: Exsanguinate, Renounce Religion, Wall Jump


You were on level 6 of the Dungeon.
You worshipped Wu Jian.
Wu Jian was pleased with you.
You visited 1 branch of the dungeon, and saw 6 of its levels.
You also visited: Ossuary.

You collected 374 gold pieces.

Inventory:

Hand Weapons
 a - a +2 dagger (weapon)
 b - a +1 vampiric short sword
Missiles
 f - 32 stones (quivered)
Armour
 i - a +1 robe
 q - a +3 leather armour (worn)
 s - an orb of energy
Jewellery
 g - a ring of ice
Wands
 e - a wand of iceblast (7)
 h - a wand of flame (16)
Scrolls
 k - a scroll of poison
 l - 2 scrolls of vulnerability
 m - 2 scrolls of identify
 o - 2 scrolls of fear
 p - 3 scrolls of teleportation
 r - 2 scrolls of fog {unknown}
Potions
 c - a potion of invisibility
 d - 6 potions of might
 j - 2 potions of mutation
 n - a potion of brilliance
 t - a potion of cancellation {unknown}
 u - 2 potions of resistance


   Skills:
 * Level 5.2 Fighting
 * Level 6.9 Short Blades
 - Level 4.0 Dodging
 - Level 4.4 Stealth
 - Level 5.0 Spellcasting
 + Level 7.3 Hexes
 + Level 1.7 Evocations


You had 6 spell levels left.
You knew the following spells:

 Your Spells              Type           Power      Damage    Failure   Level
a - Ensorcelled Hibernat  Hex/Ice        38%        N/A       6%          2
b - Confusing Touch       Hex            34%        N/A       2%          3
c - Tukima's Dance        Hex            34%        N/A       2%          3
d - Dazzling Flash        Conj/Hex       38%        N/A       12%         3

Your spell library contained the following spells:

 Spells                   Type           Power      Damage    Failure   Level
 Sting                    Tmut/Pois      20%        1d4       17%         1
 Poisonous Vapours        Pois/Air       10%        N/A       26%         2
 Sublimation of Blood     Necr           5%         N/A       26%         2
 Wereblood                Tmut           5%         N/A       26%         2
 Volatile Blastmotes      Fire/Tloc      10%        2d10      45%         3
 Animate Armour           Summ/Erth      10%        N/A       86%         4
 Iskenderun's Mystic Bla  Conj/Tloc      5%         2d3       86%         4
 Olgreb's Toxic Radiance  Pois           5%         N/A       86%         4
 Summon Lightning Spire   Summ/Air       5%         N/A       86%         4
 Blade Hands              Tmut           2%         N/A       99%         5
 Starburst                Conj/Fire      2%         6d3       100%        6
 Summon Hydra             Summ           2%         N/A       100%        7


Dungeon Overview and Level Annotations

Branches:
Dungeon (6/15)             Temple (0/1) D:6         Ossuary (visited)

Altars:
Cheibriados
Makhleb
Ru
Wu Jian

Annotations:
D:6 Duvessa


Innate Abilities, Weirdness & Mutations

Your natural rate of healing is accelerated.
You have razor-sharp teeth.
You have supernaturally acute eyesight. (SInv)
You are afflicted with vampirism and can become a bat while bloodless.


Message History

Aim: Duvessa, wielding a +2 short sword of venom and wearing a +0 leather armour (berserk, chance to confuse on hit: 45%)
The mass of ice explodes!
The iceblast engulfs Duvessa!
Duvessa is lightly wounded.
Duvessa hits you with a +2 short sword of venom.
You are poisoned.
Unknown command.
Unknown command.
You hit Duvessa but do no damage.
Duvessa is lightly wounded.
You feel sick. Duvessa closely misses you.
You closely miss Duvessa.
Duvessa is lightly wounded.
You feel sick. Duvessa misses you.
You hit Duvessa but do no damage. You bite Duvessa, but do no damage.
Duvessa is lightly wounded.
Duvessa hits you with a +2 short sword of venom!
You are more poisoned.
You barely miss Duvessa.
Duvessa is lightly wounded.
You feel very sick.
Duvessa hits you with a +2 short sword of venom.
You are more poisoned.
You hit Duvessa but do no damage. You bite Duvessa.
Duvessa is moderately wounded.
You feel very sick.
Duvessa hits you with a +2 short sword of venom.
You are lethally poisoned!
You hit Duvessa but do no damage.
Duvessa is moderately wounded.
* * * LOW HITPOINT WARNING * * *
You feel very sick.
Duvessa hits you with a +2 short sword of venom.
* * * LOW HITPOINT WARNING * * *
You are more poisoned.
You fade into invisibility!
* * * LOW HITPOINT WARNING * * *
You feel extremely sick. Duvessa misses you.
Unknown command.
You die...

........#.# ##.##...##.####.....
........#.####..#....##..........
................#....#######.....
......#.#)#.#.#.#....# #......
................####.# #.##...
......#.......#.# #.# ## ####
................####.#
......#...>...#......#
####............@)...#
##.#.......#...e..#
#.............#.....P
#.#.#.#.#.#...# ...P.
#...........### #...
############# ♣♣


You could see Duvessa (berserk, unable to see you).

Vanquished Creatures
  Pikel (D:6)
  Sigmund (D:6)
  An orc warrior (D:5)
  2 black bears
  An ice beast (D:6)
  2 ogres (D:5)
  2 lemures (D:6)
  A bullfrog (D:5)
  2 scorpions (D:5)
  Dowan (D:6)
  3 hounds
  An orc priest (D:3)
  A jelly (D:6)
  Jessica (D:3)
  An orc wizard (D:5)
  A mummy (Ossuary)
  A gnoll (D:3)
  7 adders
  2 ufetubi (D:6)
  A worm (D:3)
  4 dart slugs
  8 orcs
  A spectral bat (Ossuary)
  4 endoplasms
  7 giant cockroaches (D:1)
  12 gnoll zombies (Ossuary)
  6 hobgoblins
  11 kobolds
  3 quokkas
  8 ball pythons
  9 bats
  4 bat simulacra (Ossuary)
  3 frilled lizards
  6 goblins
  4 goblin zombies (Ossuary)
  8 hobgoblin zombies (Ossuary)
  6 kobold simulacra (Ossuary)
  4 kobold zombies (Ossuary)
  2 orc zombies (Ossuary)
  9 rats
  A rat simulacrum (Ossuary)
  3 spectral goblins (Ossuary)
  3 spectral kobolds (Ossuary)
  3 spectral rats (Ossuary)
162 creatures vanquished.

Notes
Turn   | Place    | Note
-------+----------+-------------------------------------------
     0 | D:1      | tilp the Vampire Enchanter began the quest for the Orb.
     0 | D:1      | Reached XP level 1. HP: 13/13 MP: 3/3
   409 | D:1      | Reached XP level 2. HP: 17/20 MP: 5/5
   732 | D:1      | Reached skill level 1 in Fighting
   875 | D:2      | Learned a level 2 spell: Ensorcelled Hibernation
  1074 | D:2      | Gained mutation: You are afflicted with vampirism and can
                  | become a bat while bloodless. [Vampire growth]
  1074 | D:2      | Reached XP level 3. HP: 26/26 MP: 1/6
  2427 | D:3      | Noticed Jessica
  2429 | D:3      | Killed Jessica
  2430 | D:3      | Reached XP level 4. HP: 32/32 MP: 8/8
  2631 | D:3      | Reached skill level 5 in Hexes
  2971 | D:3      | Reached XP level 5. HP: 26/38 MP: 1/9
  3306 | D:3      | Learned a level 3 spell: Confusing Touch
  3310 | D:3      | Learned a level 3 spell: Tukima's Dance
  3506 | D:4      | Found an ornate altar of the Wu Jian Council.
  3583 | D:4      | Noticed a spectral centipede
  3583 | D:4      | Noticed a spectral black mamba
  3583 | D:4      | Noticed a spectral cane toad
  3584 | D:4      | Became a worshipper of the Wu Jian Council
  4093 | D:5      | Entered Level 5 of the Dungeon
  4131 | D:5      | Noticed an orc warrior
  4151 | D:5      | Killed an orc warrior
  4152 | D:5      | Reached XP level 6. HP: 21/46 MP: 2/11
  4264 | D:5      | Reached XP level 7. HP: 32/52 MP: 4/12
  4328 | D:5      | Found a snail-covered altar of Cheibriados.
  4334 | D:5      | Reached skill level 6 in Hexes
  4399 | D:5      | Found a sand-covered staircase.
  4405 | Ossuary  | Entered an ossuary
  4463 | Ossuary  | Reached * piety under Wu Jian
  4715 | Ossuary  | Reached ** piety under Wu Jian
  5022 | D:5      | Identified the +5 short sword of Nuxzity {spect, rPois rF-
                  | Int+7 Dex-4}
  5151 | D:5      | Found a sacrificial altar of Ru.
  5211 | D:5      | Learned a level 3 spell: Dazzling Flash
  5390 | D:6      | Found a staircase to the Ecumenical Temple.
  5489 | D:6      | Reached skill level 5 in Short Blades
  5489 | D:6      | Reached XP level 8. HP: 43/60 MP: 2/15
  5616 | D:6      | Noticed Sigmund
  5621 | D:6      | Noticed Duvessa
  5623 | D:6      | Noticed Dowan
  5742 | D:6      | Noticed Pikel
  5752 | D:6      | Killed Pikel
  5753 | D:6      | Reached skill level 5 in Spellcasting
  5753 | D:6      | Reached skill level 7 in Hexes
  5753 | D:6      | Reached skill level 1 in Evocations
  5868 | D:6      | Found a burning altar of Makhleb.
  5868 | D:6      | Noticed a green death
  5871 | D:6      | Noticed a smoke demon
  5983 | D:6      | Killed Sigmund
  5984 | D:6      | Reached skill level 5 in Fighting
  6004 | D:6      | Killed Dowan
  6015 | D:6      | Succumbed to Duvessa's poison

Illustrated notes

Levels and vault maps discovered:
D:1:      minmay_arrival_diagonal_passages, layout_loops_corners,
          minmay_worlds_worst_comb
D:2:      minmay_chambers_of_twos, layout_basic
D:3:      minmay_wonky_spiral, layout_rooms, chequers_serial_rivers_micro_e,
          dreamdust_princess_bridge, uniq_jessica
D:4:      layout_loops_ring, pdpol_wu_jian_five_deadly_venoms
D:5:      layout_rooms, nicolae_ru_the_path_less_chosen, kennysheep_little_box,
          lightli_ossuary_entry_decrepit_ruins, glass_columns_a,
          corexii_hall_statues_l, corexii_mini_fake_secret_closet, minivault_11,
          minmay_strange_pillars, minmay_misc_feat_roman
D:6:      layout_rooms, zin_purify, makhleb_altar_promises_db,
          minmay_temple_entry_glass, uniq_pikel, uniq_duvessa,
          uniq_crazy_yiuf_cottage, uniq_sigmund

Skill      XL: |  1  2  3  4  5  6  7  8 |
---------------+-------------------------+-----
Fighting       | 1 2 3 4 5 |  5.2
Short Blades   | 2 3 4 5 6 |  6.9
Spellcasting   | 3 4 5 |  5.0
Hexes          | 5 6 7 |  7.3
Dodging        | 3 4 |  4.0
Evocations     | 1 |  1.7
Stealth        | |  4.4

Action                     |  1- 3 |  4- 6 |  7- 9 || total
---------------------------+-------+-------+-------++-------
  Melee: Dagger            |   116 |    53 |   239 ||   408
         Bite              |     9 |     7 |    38 ||    54
         Punch             |     1 |       |     3 ||     4
         Short sword       |       |    45 |       ||    45
   Cast: Ensorcelled Hiber |    24 |    31 |    25 ||    80
         Confusing Touch   |       |     1 |     8 ||     9
Ability: Lunge             |       |     4 |    22 ||    26
         Whirlwind         |       |       |     6 ||     6
  Evoke: Wand              |       |       |     1 ||     1
    Use: Scroll            |     6 |     8 |     1 ||    15
         Potion            |       |     1 |     1 ||     2
   Stab: Sleeping          |    33 |    26 |    27 ||    86
         Confused          |       |     1 |     5 ||     6
 Armour: Robe              |    17 |       |       ||    17
         Leather armour    |     1 |    19 |    53 ||    73
  Dodge: Dodged            |    52 |    59 |   102 ||   213

Table legend: (Time is in decaauts)
 A = Elapsed time spent in this place.
 B = Non-inter-level travel time spent in this place.
 C = Inter-level travel time spent in this place.
 D = Time resting spent in this place.
 E = Time spent auto-exploring this place.
 F = Levels seen in this place.
 G = Mean time per level.
                   A        B        C        D        E       F      G
               +--------+--------+--------+--------+--------+-----+--------+
         Total |   5939 |   5691 |    248 |    353 |   3737 |   7 |  848.4 |
       Dungeon |   5476 |   5228 |    248 |    331 |   3737 |   6 |  912.7 |
       Ossuary |    462 |    462 |      0 |     22 |      0 |   1 |  462.0 |
               +--------+--------+--------+--------+--------+-----+--------+

Top non-repeatable levels by time:
     D:2: 1412 daAuts
     D:3: 1048 daAuts
     D:1: 840 daAuts
     D:4: 770 daAuts
     D:6: 727 daAuts
     D:5: 677 daAuts
 Ossuary: 462 daAuts
